 Dungeon Crawl Stone Soup version 0.31-a0-240-gb923e448b6 (webtiles) character file.

Game seed: 10069742286120631521

17217 qw the Marksminotaur (level 12, -11/103 (112) HPs)
             Began as a Minotaur Hexslinger on July 11, 2023.
             Was a Priest of Okawaru.
             Mangled by a komodo dragon (22 damage)
             ... on level 1 of the Lair of Beasts.
             The game lasted 00:05:36 (10420 turns).

qw the Marksminotaur (Minotaur Hexslinger)         Turns: 10420, Time: 00:05:36

HP:   -11/103 (112) AC:  9    Str: 11 (14) XL:     12   Next: 16%
MP:   13/14         EV: 17    Int:  8 (10) God:    Okawaru [***...]
Gold: 26            SH:  0    Dex: 14 (17) Spells: 12/13 levels left

rFire   + . .        Y - +0 orcbow (freeze)
rCold   + . .        (shield currently unavailable)
rNeg    . . .        s - +0 troll leather armour
rPois   .            (helmet restricted)
rElec   .            (no cloak)
rCorr   .            (no gloves)
SInv    .            l - +2 pair of boots
Will    .....        c - amulet of regeneration
Stlth   +++          h - ring of protection from fire
HPRegen 1.97/turn    k - ring of protection from cold
MPRegen 0.14/turn

%: no passive effects
@: about to teleport, heroic, drained
A: horns 2, retaliatory headbutt
a: Renounce Religion, Heroism


You were on level 1 of the Lair of Beasts.
You worshipped Okawaru.
Okawaru was most pleased with you.
You visited 2 branches of the dungeon, and saw 12 of its levels.

You collected 683 gold pieces.
You spent 657 gold pieces at shops.


Innate Abilities, Weirdness & Mutations

You have a pair of horns on your head.
You reflexively headbutt those who attack you in melee.


   Skills:
 + Level 11.8(16.8) Fighting
 - Level 16.0(21.0) Ranged Weapons
 - Level 4.2(9.2) Armour
 - Level 8.0(13.0) Dodging
 - Level 1.0 Spellcasting
 - Level 2.0 Hexes
 - Level 5.0 Invocations


You had 12 spell levels left.
You knew the following spells:

 Your Spells              Type           Power      Damage    Failure   Level
a - Slow                  Hex            12%        N/A       22%         1

Your spell library contained the following spells:

 Spells                   Type           Power      Damage    Failure   Level
 Inner Flame              Hex/Fire       2%         N/A       67%         3
 Portal Projectile        Hex/Tloc       4%         N/A       67%         3
 Cause Fear               Hex            1%         N/A       91%         4

Inventory:

Hand Weapons
 Y - a +0 orcbow of freezing (weapon)
Armour
 l - a +2 pair of boots (worn)
 s - a +0 troll leather armour (worn)
Jewellery
 c - an amulet of regeneration (around neck)
 f - a ring of protection from fire
 h - a ring of protection from fire (left hand)
 k - a ring of protection from cold (right hand)
 m - a ring of willpower
 o - a ring of willpower
Scrolls
 a - 3 scrolls of identify
Potions
 b - 4 potions of mutation
 e - a potion of haste
 g - a potion of might
 i - 4 potions of curing
 j - a potion of enlightenment
 p - a potion of cancellation

Dungeon Overview and Level Annotations

Branches:
Dungeon (10/15)            Temple (0/1) D:7            Lair (2/5) D:10
    Orc (0/2) D:9
  Swamp: Lair:2-3    Shoals: Lair:2-3     Snake: Lair:2-3    Spider: Lair:2-3

Altars:
Cheibriados
Dithmenos
Elyvilon
Fedhas
Nemelex Xobeh
Okawaru
Ru
Sif Muna
Trog
Uskayaw
Vehumet
Wu Jian
Yredelemnul
The Shining One

Shops:
D:2 !   D:10 !*:=(

Annotations:
D:7 2 transporters


Message History

You feel magically purged. The black mamba barely misses you.
The rime drake barely misses you. The black mamba closely misses you.
The komodo dragon bites you!! The basilisk closely misses you.
The komodo dragon bites you!! The rime drake misses you.
The black mamba bites you but does no damage.
10416 ||| STAIRDANCE The komodo dragon is no longer moving slowly.
The black mamba bites you! The komodo dragon barely misses you.
The basilisk barely misses you. The rime drake closely misses you.
The komodo dragon closely misses you.
You climb upwards.
There is a stone staircase leading down here.
Enter note:
Enter note:
Enter note:
Enter note:
Enter note:
Enter note:
10418 ||| READING scroll of teleportation.
As you read the scroll of teleportation, it crumbles to dust.
You feel strangely unstable. The black mamba closely misses you.
The komodo dragon bites you but does no damage.
The basilisk closely misses you. The rime drake breathes ice at you.
The icy flash freeze misses you. The black mamba bites you.
The komodo dragon barely misses you.
You shoot an arrow.
The arrow hits the komodo dragon but does no damage.
The komodo dragon is moderately wounded.
The black mamba completely misses you. You furiously retaliate!
You headbutt the black mamba! The rime drake barely misses you.
You furiously retaliate!
You headbutt the rime drake. The basilisk bites you!
The komodo dragon bites you.
You shoot an arrow.
The arrow hits the black mamba but does no damage.
The black mamba is moderately wounded.
The black mamba misses you. The komodo dragon bites you!!
You die...

### ######
PP####P##.#####################
...............kll............#
...............l@S............#
...##.+##...#.########%.......#
..#.....#...### ##.......##
..#.....#...# #........#
........#...# #.......##
..#.....#...# #.......#
..#.#.###...# ##.......#
............# #........##
............# ##......(P#


You could see 2 komodo dragons, a black mamba, a basilisk and a rime drake
(catching breath).

Vanquished Creatures
  A two-headed ogre (D:9)
  Nergalle (Lair:1)
  An oklob plant (D:3)
  A gargoyle (D:10)
  A cane toad (Lair:1)
  An unseen horror (D:10)
  2 komodo dragons (Lair:1)
  A rime drake (Lair:1)
  A polar bear (Lair:1)
  3 trolls
  A jumping spider (shapeshifter) (D:9)
  9 spriggans (D:9)
  A vampire (D:9)
  2 wraiths (D:9)
  2 wyverns
  16 yaks
  Grum (D:8)
  4 steam dragons
  An acid dragon (D:9)
  6 water moccasins
  7 orc warriors
  2 ice beasts
  3 sky beasts
  3 black bears
  7 ogres
  8 wolves
  7 centaurs
  7 kobold brigands
  8 bullfrogs
  7 scorpions
  A gnoll sergeant (D:9)
  16 wights
  19 killer bees
  7 howler monkeys
  2 hounds
  6 orc priests
  Jessica (D:3)
  3 iguanas
  10 orc wizards
  3 gnolls (D:9)
  10 adders
  A shadow imp (D:6)
  A white imp (D:7)
  An ufetubus (D:5)
  2 dart slugs
  30 orcs
  5 endoplasms
  A giant cockroach (D:2)
  5 goblins
  3 hobgoblins
  5 jackals
  4 kobolds (D:6)
  3 quokkas
  3 ball pythons
  5 bats
  4 frilled lizards
  7 rats
273 creatures vanquished.

Notes
Turn   | Place    | Note
-------+----------+-------------------------------------------
     0 | D:1      | qw the Minotaur Hexslinger began the quest for the Orb.
     0 | D:1      | Reached XP level 1. HP: 16/16 MP: 1/1
     0 | D:1      | 0 ||| qw: Version: 0.3-a-52-g30416fa
     0 | D:1      | 0 ||| qw: Game counter: 6085
     0 | D:1      | 0 ||| qw: Melee chars always use a shield: true
     0 | D:1      | 0 ||| qw: God list: Okawaru
     0 | D:1      | 0 ||| qw: Allow faded altars: false
     0 | D:1      | 0 ||| qw: Do Orc after clearing Dungeon:15 true
     0 | D:1      | 0 ||| qw: Do second Lair branch before Depths: true
     0 | D:1      | 0 ||| qw: Lair rune preference: random
     0 | D:1      | 0 ||| qw: Goals: Normal
     0 | D:1      | 0 ||| PLANNING D:1-11
   128 | D:1      | Reached skill level 3 in Ranged Weapons
   150 | D:1      | Reached XP level 2. HP: 17/23 MP: 2/2
   150 | D:1      | 150 ||| FLEEEEING.
   151 | D:1      | 151 ||| FLEEEEING.
   152 | D:1      | 152 ||| FLEEEEING.
   153 | D:1      | 153 ||| FLEEEEING.
   154 | D:1      | 154 ||| FLEEEEING.
   155 | D:1      | 155 ||| FLEEEEING.
   156 | D:1      | 156 ||| FLEEEEING.
   157 | D:1      | 157 ||| FLEEEEING.
   158 | D:1      | 158 ||| FLEEEEING.
   159 | D:1      | 159 ||| FLEEEEING.
   160 | D:1      | 160 ||| FLEEEEING.
   161 | D:1      | 161 ||| FLEEEEING.
   162 | D:1      | 162 ||| FLEEEEING.
   163 | D:1      | 163 ||| FLEEEEING.
   187 | D:1      | Found a faded altar of an unknown god.
   472 | D:1      | 472 ||| UPGRADING to +0 ring mail.
   482 | D:1      | 482 ||| DROPPING +0 robe.
   483 | D:1      | 483 ||| UPGRADING to ring of protection from fire.
   484 | D:1      | 484 ||| UPGRADING to ring of protection from cold.
   485 | D:1      | 485 ||| READING scroll labelled XIHIUM JIEN.
   486 | D:1      | 486 ||| READING scroll labelled URIC HEAL ZAGH.
   487 | D:1      | 487 ||| READING scroll labelled NYIBUEKHEAL.
   488 | D:1      | 488 ||| READING scroll labelled ACE WUFAFODUOGH.
   489 | D:1      | 489 ||| DROPPING scroll of poison.
   506 | D:2      | Found Yluomon's Distillery.
   514 | D:2      | 514 ||| SHOPLISTING potion of cancellation (88 gold, have
                  | 35).
   514 | D:2      | 514 ||| SHOPLISTING potion of might (44 gold, have 35).
   514 | D:2      | 514 ||| SHOPLISTING potion of mutation (88 gold, have 35).
   514 | D:2      | 514 ||| SHOPLISTING potion of resistance (110 gold, have
                  | 35).
   735 | D:2      | Reached XP level 3. HP: 27/29 MP: 3/3
  1090 | D:2      | 1090 ||| READING scroll labelled SIFEF FESULL.
  1091 | D:2      | 1091 ||| READING scroll labelled QATRUN DEYLEPE.
  1092 | D:2      | 1092 ||| READING scroll labelled YPTOQ OQOILUIG.
  1093 | D:2      | 1093 ||| READING scroll labelled NECSOOPAIDGH.
  1094 | D:2      | 1094 ||| READING scroll labelled XIV PA QEGGU.
  1095 | D:2      | 1095 ||| READING 2 scrolls of identify.
  1095 | D:2      | 1095 ||| IDENTIFYING bubbling coppery potion
  1096 | D:2      | 1096 ||| DROPPING potion of magic.
  1144 | D:3      | Reached skill level 4 in Ranged Weapons
  1180 | D:3      | Reached skill level 1 in Armour
  1329 | D:3      | Noticed Jessica
  1334 | D:3      | Killed Jessica
  1335 | D:3      | Reached XP level 4. HP: 32/36 MP: 4/4
  1394 | D:3      | Found a glowing golden altar of the Shining One.
  1442 | D:3      | Identified the +5 falchion of Glory {antimagic, rPois rF+
                  | Will+ Dex-4}
  1521 | D:3      | Found a blossoming altar of Fedhas.
  1542 | D:3      | Noticed an oklob plant
  1543 | D:3      | 1543 ||| UPGRADING to amulet of regeneration.
  1548 | D:3      | 1548 ||| READING 3 scrolls of identify.
  1548 | D:3      | 1548 ||| IDENTIFYING silvery potion
  1549 | D:3      | 1549 ||| READING 2 scrolls of identify.
  1549 | D:3      | 1549 ||| IDENTIFYING metallic golden potion
  1604 | D:3      | Killed an oklob plant
  1605 | D:3      | Reached skill level 7 in Ranged Weapons
  1605 | D:3      | Reached XP level 5. HP: 41/41 MP: 5/5
  1605 | D:3      | Reached XP level 6. HP: 48/48 MP: 6/6
  1929 | D:3      | 1929 ||| Stepping ~*~*~tactically~*~*~ (outnumbered).
  1956 | D:3      | Reached skill level 3 in Fighting
  1956 | D:3      | Reached XP level 7. HP: 56/57 MP: 7/7
  2181 | D:3      | 2181 ||| DROPPING scarf of shadows.
  2182 | D:3      | 2182 ||| UPGRADING to +0 pair of boots.
  2187 | D:3      | 2187 ||| READING 2 scrolls of identify.
  2187 | D:3      | 2187 ||| IDENTIFYING black potion
  2409 | D:4      | Found a sparkling altar of Nemelex Xobeh.
  2585 | D:4      | Reached skill level 8 in Ranged Weapons
  2967 | D:4      | 2967 ||| DROPPING amulet of guardian spirit.
  2968 | D:4      | 2968 ||| READING scroll labelled GARUNE MUESIPS.
  2972 | D:4      | 2972 ||| READING 3 scrolls of identify.
  2972 | D:4      | 2972 ||| IDENTIFYING sedimented cyan potion
  2973 | D:4      | 2973 ||| READING 2 scrolls of identify.
  2973 | D:4      | 2973 ||| IDENTIFYING amethyst potion
  2974 | D:4      | 2974 ||| DROPPING potion of attraction.
  2986 | D:5      | Entered Level 5 of the Dungeon
  3004 | D:5      | HP: 8/59 [ogre/+0 giant club (34)]
  3005 | D:5      | 3005 ||| DRINKING potion of heal wounds.
  3111 | D:5      | Found a sacrificial altar of Ru.
  3245 | D:5      | Reached XP level 8. HP: 62/68 MP: 8/8
  3393 | D:5      | 3393 ||| FLEEEEING.
  3394 | D:5      | 3394 ||| FLEEEEING.
  3395 | D:5      | 3395 ||| FLEEEEING.
  3396 | D:5      | 3396 ||| FLEEEEING.
  3403 | D:5      | Reached skill level 9 in Ranged Weapons
  3470 | D:5      | Reached skill level 3 in Dodging
  3523 | D:5      | 3523 ||| READING 3 scrolls of identify.
  3523 | D:5      | 3523 ||| IDENTIFYING red potion
  3528 | D:5      | 3528 ||| STAIRDANCE
  3643 | D:5      | 3643 ||| STAIRDANCE
  3644 | D:4      | Found a snail-covered altar of Cheibriados.
  3644 | D:4      | Found a basalt altar of Yredelemnul.
  3644 | D:4      | You fall into a shaft and drop 1 floor!
  3734 | D:5      | 3734 ||| STAIRDANCE
  3738 | D:5      | 3738 ||| STAIRDANCE
  3742 | D:5      | 3742 ||| STAIRDANCE
  3746 | D:5      | 3746 ||| STAIRDANCE
  3750 | D:5      | 3750 ||| STAIRDANCE
  3754 | D:5      | 3754 ||| STAIRDANCE
  3758 | D:5      | 3758 ||| STAIRDANCE
  3762 | D:5      | 3762 ||| STAIRDANCE
  3766 | D:5      | 3766 ||| STAIRDANCE
  3770 | D:5      | 3770 ||| STAIRDANCE
  3774 | D:5      | 3774 ||| STAIRDANCE
  3778 | D:5      | 3778 ||| STAIRDANCE
  3782 | D:5      | 3782 ||| STAIRDANCE
  3786 | D:5      | 3786 ||| STAIRDANCE
  3790 | D:5      | 3790 ||| STAIRDANCE
  3794 | D:5      | 3794 ||| STAIRDANCE
  3798 | D:5      | 3798 ||| STAIRDANCE
  3802 | D:5      | 3802 ||| STAIRDANCE
  4040 | D:5      | Reached skill level 6 in Fighting
  4175 | D:6      | Found an ornate altar of the Wu Jian Council.
  4188 | D:6      | 4188 ||| READING scroll of enchant armour.
  4188 | D:6      | 4188 ||| ENCHANTING +0 pair of boots.
  4210 | D:6      | 4210 ||| DRINKING 2 potions of curing.
  4210 | D:6      | 4210 ||| (to cure confusion)
  4267 | D:6      | 4267 ||| READING scroll of enchant armour.
  4267 | D:6      | 4267 ||| ENCHANTING +1 pair of boots.
  4379 | D:6      | Found an iron altar of Okawaru.
  4380 | D:6      | 4380 ||| PLANNING OKAWARU WORSHIP
  4380 | D:6      | 4380 ||| READING 2 scrolls of identify.
  4380 | D:6      | 4380 ||| IDENTIFYING orange potion
  4381 | D:6      | 4381 ||| DROPPING potion of ambrosia.
  4384 | D:6      | Became a worshipper of Warmaster Okawaru
  4385 | D:6      | 4385 ||| PLANNING D:1-11
  4410 | D:6      | 4410 ||| Stepping ~*~*~tactically~*~*~ (outnumbered).
  4430 | D:6      | Reached skill level 10 in Ranged Weapons
  4654 | D:6      | Reached * piety under Okawaru
  4721 | D:7      | Reached skill level 1 in Invocations
  4734 | D:7      | Found a staircase to the Ecumenical Temple.
  4735 | D:7      | 4735 ||| INVOKING Heroism.
  4746 | D:7      | Reached XP level 9. HP: 69/79 MP: 6/9
  4777 | D:7      | Found a shimmering blue altar of Sif Muna.
  4780 | D:7      | Found a radiant altar of Vehumet.
  4796 | D:7      | Found a hide-covered altar of Uskayaw.
  4799 | D:7      | 4799 ||| INVOKING Heroism.
  4823 | D:7      | Found a shadowy altar of Dithmenos.
  4824 | D:7      | Found a bloodstained altar of Trog.
  4842 | D:7      | Found a transporter.
  4846 | D:7      | Noticed a two-headed ogre
  4875 | D:7      | 4875 ||| INVOKING Heroism.
  4959 | D:7      | Reached skill level 3 in Invocations
  4971 | D:7      | Reached skill level 11 in Ranged Weapons
  4988 | D:7      | Reached skill level 3 in Armour
  5087 | D:7      | Found a transporter.
  5111 | D:7      | 5111 ||| INVOKING Heroism.
  5153 | D:7      | 5153 ||| INVOKING Heroism.
  5257 | D:7      | 5257 ||| SWAPPING to +0 orcbow.
  5262 | D:7      | Reached skill level 12 in Ranged Weapons
  5262 | D:7      | 5262 ||| DROPPING +0 shortbow.
  5263 | D:7      | 5263 ||| DROPPING +1 sling of freezing.
  5271 | D:7      | Noticed a cyclops
  5393 | D:7      | 5393 ||| INVOKING Heroism.
  5734 | D:8      | Noticed Grum
  5735 | D:8      | 5735 ||| INVOKING Heroism.
  5760 | D:8      | 5760 ||| INVOKING Heroism.
  5764 | D:8      | Killed Grum
  5765 | D:8      | Reached XP level 10. HP: 38/88 MP: 9/12
  5916 | D:8      | 5916 ||| INVOKING Heroism.
  5977 | D:8      | Identified the +2 quarterstaff of Ennufuwk {drain, Will+
                  | rCorr}
  6361 | D:8      | 6361 ||| UPGRADING to +2 robe of positive energy.
  6371 | D:8      | 6371 ||| DROPPING +0 ring mail.
  6372 | D:8      | 6372 ||| READING 3 scrolls of identify.
  6372 | D:8      | 6372 ||| IDENTIFYING fuming red potion
  6373 | D:8      | 6373 ||| DROPPING potion of lignification.
  6409 | D:8      | Reached ** piety under Okawaru
  6421 | D:9      | 6421 ||| INVOKING Heroism.
  6519 | D:9      | Reached skill level 6 in Dodging
  6539 | D:9      | Reached skill level 13 in Ranged Weapons
  6560 | D:9      | 6560 ||| INVOKING Heroism.
  6625 | D:9      | Reached skill level 9 in Fighting
  6657 | D:9      | 6657 ||| INVOKING Heroism.
  6663 | D:9      | HP: 20/91 [spriggan/+0 rapier (10)]
  6664 | D:9      | 6664 ||| READING scroll of teleportation.
  6664 | D:9      | HP: 4/91 [spriggan/+0 rapier (17)]
  6751 | D:9      | Reached skill level 14 in Ranged Weapons
  6772 | D:9      | 6772 ||| Stepping ~*~*~tactically~*~*~ (outnumbered).
  6778 | D:9      | 6778 ||| INVOKING Heroism.
  6796 | D:9      | Reached *** piety under Okawaru
  6841 | D:9      | 6841 ||| INVOKING Heroism.
  6854 | D:9      | Reached XP level 11. HP: 69/97 MP: 11/13
  6863 | D:9      | 6863 ||| Stepping ~*~*~tactically~*~*~ (outnumbered).
  6867 | D:9      | 6867 ||| INVOKING Heroism.
  6896 | D:9      | 6896 ||| INVOKING Heroism.
  6926 | D:9      | Identified the +0 pair of boots of Jigsaw {Will+}
  6946 | D:9      | 6946 ||| INVOKING Heroism.
  6989 | D:9      | Found a staircase to the Orcish Mines.
  7036 | D:9      | 7036 ||| INVOKING Heroism.
  7116 | D:9      | 7116 ||| INVOKING Heroism.
  7172 | D:9      | 7172 ||| Stepping ~*~*~tactically~*~*~ (outnumbered).
  7174 | D:9      | 7174 ||| Stepping ~*~*~tactically~*~*~ (outnumbered).
  7176 | D:9      | 7176 ||| Stepping ~*~*~tactically~*~*~ (outnumbered).
  7181 | D:9      | 7181 ||| INVOKING Heroism.
  7453 | D:9      | 7453 ||| Stepping ~*~*~tactically~*~*~ (outnumbered).
  7455 | D:9      | 7455 ||| Stepping ~*~*~tactically~*~*~ (outnumbered).
  7470 | D:9      | Reached skill level 15 in Ranged Weapons
  7480 | D:9      | 7480 ||| INVOKING Heroism.
  7490 | D:9      | 7490 ||| FLEEEEING.
  7502 | D:9      | HP: 24/98 [something (5)]
  7503 | D:9      | 7503 ||| DRINKING potion of heal wounds.
  7510 | D:9      | HP: 24/99 [something (10)]
  7513 | D:9      | 7513 ||| INVOKING Heroism.
  7518 | D:9      | HP: 17/99 [something (6)]
  7522 | D:9      | HP: 8/99 [something (9)]
  7524 | D:9      | HP: 1/99 [something (9)]
  7606 | D:9      | 7606 ||| INVOKING Heroism.
  7667 | D:9      | Noticed a two-headed ogre
  7668 | D:9      | 7668 ||| INVOKING Heroism.
  7677 | D:9      | Killed a two-headed ogre
  7900 | D:9      | 7900 ||| INVOKING Heroism.
  8046 | D:9      | 8046 ||| DROPPING +0 pair of boots of Jigsaw {Will+}.
  8047 | D:9      | 8047 ||| UPGRADING to +2 robe of willpower.
  8057 | D:9      | 8057 ||| DROPPING +2 robe of positive energy.
  8058 | D:9      | 8058 ||| UPGRADING to +0 troll leather armour.
  8068 | D:9      | 8068 ||| DROPPING +2 robe of willpower.
  8069 | D:9      | 8069 ||| READING scroll labelled ZAMAIR PALANO.
  8133 | D:10     | Entered Level 10 of the Dungeon
  8139 | D:10     | 8139 ||| STAIRDANCE
  8142 | D:9      | 8142 ||| INVOKING Heroism.
  8303 | D:10     | 8303 ||| INVOKING Heroism.
  8312 | D:10     | Reached skill level 16 in Ranged Weapons
  8327 | D:10     | 8327 ||| READING scroll of brand weapon.
  8327 | D:10     | 8327 ||| BRANDING +0 orcbow.
  8385 | D:10     | Found Heunoni's Assorted Antiques.
  8393 | D:10     | 8393 ||| BUYING 2 potions of mutation (464 gold).
  8393 | D:10     | Bought 2 potions of mutation for 464 gold pieces
  8393 | D:10     | 8393 ||| BUYING crude garnet amulet (145 gold).
  8393 | D:10     | Bought a crude garnet amulet for 145 gold pieces
  8393 | D:10     | Identified the amulet "Kutasist" {Spirit Stlth+} (You
                  | bought it in a shop on level 10 of the Dungeon)
  8393 | D:10     | 8393 ||| SHOPLISTING glowing longbow (275 gold, have 31).
  8393 | D:10     | 8393 ||| SHOPLISTING steel ring (145 gold, have 31).
  8451 | D:10     | 8451 ||| DROPPING amulet "Kutasist" {Spirit Stlth+}.
  8479 | D:10     | 8479 ||| READING scroll labelled LIAMASS TELA.
  8484 | D:10     | 8484 ||| INVOKING Heroism.
  8542 | D:10     | 8542 ||| INVOKING Heroism.
  8573 | D:10     | Found a staircase to the Lair.
  8582 | D:10     | Identified the +1 scale mail "Ridal" {Str+4}
  8632 | D:10     | Found Genok's Book Boutique.
  8660 | D:10     | Found Fiokogen's Jewellery Emporium.
  8668 | D:10     | 8668 ||| SHOPLISTING +5 ring of evasion (504 gold, have
                  | 48).
  8668 | D:10     | 8668 ||| SHOPLISTING +6 ring of dexterity (504 gold, have
                  | 48).
  8668 | D:10     | 8668 ||| SHOPLISTING ring "Simpaovo" {rElec rF+ rN+ Slay+4}
                  | (1430 gold, have 48).
  8668 | D:10     | 8668 ||| SHOPLISTING ring of see invisible (210 gold, have
                  | 48).
  8669 | D:10     | Found Tiemm's Weapon Shop.
  8835 | D:10     | Found a white marble altar of Elyvilon.
  9077 | D:10     | 9077 ||| Stepping randomly (disturbance).
  9106 | D:10     | Found Vemupel's Distillery.
  9114 | D:10     | 9114 ||| BUYING potion of curing (48 gold).
  9114 | D:10     | Bought a potion of curing for 48 gold pieces
  9114 | D:10     | 9114 ||| SHOPLISTING potion of enlightenment (80 gold, have
                  | 0).
  9114 | D:10     | 9114 ||| SHOPLISTING potion of haste (160 gold, have 0).
  9114 | D:10     | 9114 ||| SHOPLISTING potion of heal wounds (80 gold, have
                  | 0).
  9114 | D:10     | 9114 ||| SHOPLISTING potion of mutation (128 gold, have 0).
  9516 | D:10     | 9516 ||| PLANNING LAIR
  9573 | Lair:1   | Entered Level 1 of the Lair of Beasts
  9584 | Lair:1   | 9584 ||| STAIRDANCE
  9603 | Lair:1   | 9603 ||| INVOKING Heroism.
  9622 | Lair:1   | Reached **** piety under Okawaru
  9752 | Lair:1   | 9752 ||| INVOKING Heroism.
  9781 | Lair:1   | 9781 ||| INVOKING Heroism.
  9813 | Lair:1   | Reached XP level 12. HP: 110/110 MP: 14/14
  9936 | Lair:1   | Noticed Nergalle
  9937 | Lair:1   | 9937 ||| INVOKING Heroism.
  9966 | Lair:1   | Killed Nergalle
 10206 | Lair:1   | 10206 ||| INVOKING Heroism.
 10366 | Lair:1   | 10366 ||| DRINKING 2 coppery potions.
 10367 | Lair:1   | 10367 ||| READING 4 scrolls of identify.
 10367 | Lair:1   | 10367 ||| IDENTIFYING fizzy orange potion
 10368 | Lair:1   | 10368 ||| DROPPING potion of degeneration.
 10407 | Lair:2   | 10407 ||| INVOKING Heroism.
 10415 | Lair:2   | 10415 ||| DRINKING 2 potions of cancellation.
 10415 | Lair:2   | HP: 22/103 [komodo dragon (30)]
 10416 | Lair:2   | 10416 ||| STAIRDANCE
 10418 | Lair:1   | 10418 ||| READING scroll of teleportation.
 10419 | Lair:1   | HP: 9/103 [komodo dragon (3)]
 10420 | Lair:1   | Mangled by a komodo dragon

Levels and vault maps discovered:
D:1:      dpeg_arrival_shelter, layout_rooms, basic_ecumenical_altar,
          minmay_tall_x
D:2:      layout_loops_ring, serial_shops, shop
D:3:      layout_basic, tgw_fedhas, mainiacjoe_overflow_paths, uniq_jessica
D:4:      layout_loops_ring, nemelex_diamond_rough_becter,
          nicolae_overflow_hidden_temple, kennysheep_generic_room_11
D:5:      layout_basic, mainiacjoe_overflow_cross_hatched
D:6:      layout_rooms, mainiacjoe_overflow_boulevard, kennysheep_mini
D:7:      gammafunk_the_bubble [the_bubble_gammafunk_grid], layout_loops_cross,
          grunt_temple_overflow_open, minmay_temple_entry_slanted,
          nrook_mini_backslash, minmay_misc_feat_rows, kennysheep_small_square
D:8:      layout_loops_ring, uniq_grum
D:9:      kb_forest_paths, layout_small_grid,
          kennysheep_orc_monster_closet_entryway, serial_rivers,
          chequers_serial_rivers_micro_b, chequers_serial_rivers_micro_c,
          chequers_serial_rivers_small_b, chequers_serial_rivers_large_a,
          chequers_serial_rivers_micro_e, hangedman_minor_gate_pass
D:10:     minmay_inner_zag, layout_layer_cave, elyvilon_altar_1, serial_shops,
          shop, shop, nicolae_diamond_shop, nicolae_shop_stone,
          nicolae_shop_rolling_square
Lair:1:   layout_chaotic_city, uniq_nergalle
Lair:2:   layout_cellular_growth, minmay_shoals_entry_hut, grunt_megastairs_3,
          serial_bayou_shore_b

Skill      XL: |  1  2  3  4  5  6  7  8  9 10 11 12 |
---------------+-------------------------------------+-----
Ranged Weapons | 3 4 7 8 10 12 14 16 | 16.0
Fighting       | 2 3 5 7 8 9 11 | 11.8
Armour         | 1 2 3 4 |  4.2
Dodging        | 3 5 7 8 |  8.0
Invocations    | 1 4 5 |  5.0
Spellcasting   | |  1.0
Hexes          | |  2.0

Action                     |  1- 3 |  4- 6 |  7- 9 | 10-12 || total
---------------------------+-------+-------+-------+-------++-------
   Fire: Sling             |   111 |    92 |   381 |       ||   584
         Orcbow            |       |       |    45 |   796 ||   841
 Invoke: Heroism           |       |       |     8 |    27 ||    35
    Use: Scroll            |    10 |     2 |     8 |     7 ||    27
         Potion            |       |       |     2 |     3 ||     5
 Armour: Robe              |     2 |       |       |    70 ||    72
         Ring mail         |     7 |     6 |    78 |     7 ||    98
         Troll leather arm |       |       |       |    31 ||    31
  Dodge: Dodged            |    27 |    13 |   191 |   344 ||   575

Table legend:
 A = Non-vault XP
 B = Vault XP
 C = Vault XP percentage of total XP
 D = Non-vault monster count
 E = Vault monster count
 F = Vault count percentage of total count
                 A         B        C        D         E       F
            +---------+---------+-------+---------+---------+-------
      Total |   14834 |    9763 |  39.7 |     206 |      67 |  24.5
            +---------+---------+-------+---------+---------+-------
        D:1 |      23 |       6 |  20.7 |      15 |       4 |  21.1
        D:2 |      23 |       0 |   0.0 |      13 |       0 |   0.0
        D:3 |     178 |     572 |  76.3 |      18 |       2 |  10.0
        D:4 |     267 |       0 |   0.0 |       9 |       0 |   0.0
        D:5 |     769 |       0 |   0.0 |      18 |       0 |   0.0
        D:6 |     748 |       0 |   0.0 |      24 |       0 |   0.0
        D:7 |    1840 |     404 |  18.0 |      25 |       3 |  10.7
        D:8 |    1233 |     640 |  34.2 |      14 |       5 |  26.3
        D:9 |    4006 |    6847 |  63.1 |      37 |      47 |  56.0
       D:10 |    2040 |     523 |  20.4 |      16 |       5 |  23.8
     Lair:1 |    3565 |     771 |  17.8 |      16 |       1 |   5.9
     Lair:2 |     142 |       0 |   0.0 |       1 |       0 |   0.0
            +---------+---------+-------+---------+---------+-------
